 Dungeon Crawl Stone Soup version 0.31-a0-188-g5e087ee2ca (webtiles) character file.

Game seed: 2034807917279572605

140 qw the Skirmisher (level 5, -5/29 HPs)
             Began as a Deep Elf Hunter on June 23, 2023.
             Slain by Edmund
             ... wielding a +0 flail of protection
              (9 damage)
             ... on level 3 of the Dungeon.
             The game lasted 00:00:46 (1930 turns).

qw the Skirmisher (Deep Elf Hunter)                 Turns: 1930, Time: 00:00:47

Health: -5/29      AC:  5    Str: 10    XL:     5   Next: 2%
Magic:  7/7        EV: 11    Int: 14    God:
Gold:   89         SH:  0    Dex: 18    Spells: 4/4 levels left

rFire   . . .        Y - +1 shortbow (drain)
rCold   . . .        (shield currently unavailable)
rNeg    . . .        f - +0 ring mail
rPois   .            (no helmet)
rElec   .            (no cloak)
rCorr   .            (no gloves)
SInv    .            (no boots)
Will    .....        (no amulet)
Stlth   +            (no ring)
HPRegen 0.24/turn    (no ring)
MPRegen 0.10/turn

%: no passive effects
@: no status effects
A: no striking features
a: no special abilities


You were on level 3 of the Dungeon.
You visited 1 branch of the dungeon, and saw 4 of its levels.

You collected 89 gold pieces.


   Skills:
 - Level 1.5 Fighting
 + Level 8.4 Ranged Weapons
 - Level 2.4 Dodging
 - Level 1.2 Stealth


You had 4 spell levels left.
You didn't know any spells.
Your spell library was empty.

Inventory:

Hand Weapons
 Y - a +1 shortbow of draining (weapon)
Armour
 f - a +0 ring mail (worn)
Scrolls
 a - a scroll of identify
Potions
 b - 2 potions of enlightenment
 e - a potion of curing
 g - a potion of might {unknown}
 i - a potion of brilliance {unknown}
 j - a potion of ambrosia {unknown}

Dungeon Overview and Level Annotations

Branches:
Dungeon (4/15)
 Temple: D:4-7

Altars:

Shops:
D:2 [

Annotations:
D:2 1 runed translucent door, Crazy Yiuf
D:3 Edmund


Message History

Your +0 shortbow of draining glows red for a moment.
Done exploring.
(D) Dungeon
Where to? (* - list waypoints, Enter - D:3, ? - help)
What level of the Dungeon? (default 1, ? - help)
There is a stone staircase leading down here.
You climb downwards.
Found a scroll labelled SAUVVURPHUM.
There is a stone staircase leading up here.
There are monsters nearby!
Waypoint 3 assigned to D:4.
You shoot an arrow. The arrow hits the dart slug!
The dart slug is severely wounded.
You shoot an arrow. The arrow hits the dart slug.
You kill the dart slug!
Edmund the Younger comes into view.
He is wielding a +0 flail of protection.
You shoot an arrow.
The arrow hits Edmund but does no damage.
You shoot an arrow.
The arrow hits Edmund but does no damage.
You shoot an arrow. The arrow hits Edmund.
Edmund is lightly wounded.
Edmund says, "People think my brother is the best.
I think he's crazy."
Edmund hits you with a +0 flail of protection.
The quokka bites you.
1927 ||| STAIRDANCE Edmund hits you with a +0 flail of protection!
The quokka bites you but does no damage.
You climb upwards.
There is a stone staircase leading down here.
You shoot an arrow. The arrow hits Edmund.
You drain Edmund.
Edmund is lightly wounded.
Edmund hits you with a +0 flail of protection.
The quokka bites you but does no damage.
Edmund hits you with a +0 flail of protection.
You shoot an arrow.
The arrow hits Edmund but does no damage.
Edmund is lightly wounded.
The quokka bites you.
Edmund hits you with a +0 flail of protection!
You die...

#### ##... ##....
#).... #.....
#############.....
#.......#>........
#.@...............
##@....(.#.........
#..r.....#####.....
#........# #.....
#........# #_....
#.####.### #.....
#.## #.#### ##....
#..###....# ##...
#...#####.## ###.
#.#.# #..# #.


You could see Edmund (drained) and a quokka.

Vanquished Creatures
  Ijyb (D:3)
  Natasha (D:3)
  An adder (D:2)
  A worm (D:3)
  3 dart slugs
  4 orcs (D:3)
  3 ball pythons
  5 endoplasms
  3 giant cockroaches
  5 goblins
  10 hobgoblins
  2 jackals (D:1)
  5 kobolds
  A quokka (D:3)
  8 bats
  3 frilled lizards
  7 rats
63 creatures vanquished.

Notes
Turn   | Place    | Note
-------+----------+-------------------------------------------
     0 | D:1      | qw the Deep Elf Hunter began the quest for the Orb.
     0 | D:1      | Reached XP level 1. HP: 12/12 MP: 3/3
     0 | D:1      | 0 ||| qw: Version: 0.3-a-9-g12657ce
     0 | D:1      | 0 ||| qw: Game counter: 3613
     0 | D:1      | 0 ||| qw: Always use a shield: true
     0 | D:1      | 0 ||| qw: God list: Okawaru
     0 | D:1      | 0 ||| qw: Allow faded altars: false
     0 | D:1      | 0 ||| qw: Do Orc after D:15 true
     0 | D:1      | 0 ||| qw: Do second Lair branch before Depths: true
     0 | D:1      | 0 ||| qw: Lair rune preference: random
     0 | D:1      | 0 ||| qw: Plans: Normal
     0 | D:1      | 0 ||| PLANNING D:1-11
   146 | D:1      | Reached XP level 2. HP: 16/16 MP: 4/4
   151 | D:1      | Reached skill level 6 in Ranged Weapons
   639 | D:1      | 639 ||| UPGRADING to +0 ring mail.
   649 | D:1      | 649 ||| DROPPING +0 leather armour.
   650 | D:1      | 650 ||| READING 2 scrolls labelled IGOUXTUEMN.
   651 | D:1      | 651 ||| DROPPING scroll of butterflies.
   742 | D:2      | Reached XP level 3. HP: 20/20 MP: 5/5
   783 | D:2      | Found Honate Qoul's Antique Armour Boutique.
   844 | D:2      | Found Xusko's Antique Armour Shoppe.
   858 | D:2      | 858 ||| SHOPLISTING pair of boots (81 gold, have 48).
   943 | D:2      | Reached skill level 7 in Ranged Weapons
  1081 | D:2      | Found a runed translucent door.
  1082 | D:2      | Noticed Crazy Yiuf
  1305 | D:2      | 1305 ||| READING scroll labelled WYMIJUABUOS.
  1306 | D:2      | 1306 ||| READING scroll labelled KOTIHI QUGEO.
  1307 | D:2      | 1307 ||| READING scroll labelled QACKELOIPE.
  1308 | D:2      | 1308 ||| DRINKING 2 ruby potions.
  1309 | D:2      | 1309 ||| READING 3 scrolls of identify.
  1309 | D:2      | 1309 ||| IDENTIFYING viscous cyan potion
  1310 | D:2      | 1310 ||| READING 2 scrolls of identify.
  1310 | D:2      | 1310 ||| IDENTIFYING blue potion
  1311 | D:2      | 1311 ||| DROPPING potion of berserk rage.
  1438 | D:3      | Found a faded altar of an unknown god.
  1451 | D:3      | Noticed Ijyb
  1463 | D:3      | Killed Ijyb
  1464 | D:3      | Reached XP level 4. HP: 25/25 MP: 6/6
  1637 | D:3      | Reached skill level 8 in Ranged Weapons
  1824 | D:3      | Noticed Natasha
  1825 | D:3      | Killed Natasha
  1830 | D:3      | Reached XP level 5. HP: 29/29 MP: 7/7
  1912 | D:3      | 1912 ||| READING scroll labelled BYWYDAZATH.
  1913 | D:3      | 1913 ||| READING scroll labelled KADADOYPEU.
  1916 | D:3      | 1916 ||| READING scroll labelled YNTIHO XOHO.
  1923 | D:4      | Noticed Edmund
  1927 | D:4      | 1927 ||| STAIRDANCE
  1929 | D:3      | HP: 7/29 [Edmund/+0 flail of protection (5)]
  1930 | D:3      | Slain by Edmund

Levels and vault maps discovered:
D:1:      lemuel_arrival_cross, layout_loops_ring, serial_park_tiny_pond
D:2:      layout_basic, serial_shops, nicolae_shop_waterfront, shop,
          uniq_crazy_yiuf_cottage
D:3:      layout_rooms, serial_corexii_hall, corexii_hall_statues_i,
          corexii_hall_statues_u, basic_ecumenical_altar,
          minmay_fractal_squares_diagonal_5, uniq_ijyb, uniq_natasha
D:4:      layout_rooms, gammafunk_ghost_cemetery, uniq_edmund

Skill      XL: |  1  2  3  4 |
---------------+-------------+-----
Ranged Weapons | 6 7 8 |  8.4
Fighting       | |  1.5
Dodging        | |  2.4
Stealth        | |  1.2

Action                     |  1- 3 |  4- 6 || total
---------------------------+-------+-------++-------
  Melee: Unarmed           |     6 |       ||     6
   Fire: Shortbow          |    94 |    57 ||   151
    Use: Scroll            |     6 |     3 ||     9
         Potion            |     1 |       ||     1
   Stab: Confused          |     1 |       ||     1
 Armour: Ring mail         |     5 |     5 ||    10
  Dodge: Dodged            |    13 |     8 ||    21

Table legend:
 A = Non-vault XP
 B = Vault XP
 C = Vault XP percentage of total XP
 D = Non-vault monster count
 E = Vault monster count
 F = Vault count percentage of total count
                 A         B        C        D         E       F
            +---------+---------+-------+---------+---------+-------
      Total |     121 |      79 |  39.5 |      55 |       8 |  12.7
            +---------+---------+-------+---------+---------+-------
        D:1 |      35 |       0 |   0.0 |      21 |       0 |   0.0
        D:2 |      33 |       0 |   0.0 |      11 |       0 |   0.0
        D:3 |      49 |      79 |  61.7 |      22 |       8 |  26.7
        D:4 |       4 |       0 |   0.0 |       1 |       0 |   0.0
            +---------+---------+-------+---------+---------+-------
